Map: [TLMC15] Hardwire

Players

Maru - Winner!

  • Race: Terran Terran

HeroMarine

  • Race: Terran Terran

Event: DreamHack SC2 Masters Last Chance 2022

VOD

Have the link to the VOD?

Description

Time

  • Played on: Jan. 12, 2022, 10:58 a.m.
  • Length: 21:55

All games in this series

Show
View Real Time Build Order
Export as new Build Order

Maru Terran - Winner!

Build Orders:  

Get SALT Encoding   

  12  0:00  SCV  
  13  0:12  SCV  
  14  0:17  Supply Depot  
  14  0:24  SCV  
  15  0:39  SCV  
  15  0:40  Barracks  
  16  0:43  Refinery  
  16  0:51  SCV  
  16  0:54  Refinery  
  17  1:03  SCV  
  18  1:15  SCV  
  19  1:27  Reaper, Orbital Command  
  19  1:29  Supply Depot  
  20  1:43  Factory  
  20  1:54  SCV  
  21  2:00  Barracks Reactor  
  21  2:06  SCV  
  22  2:18  SCV  
  22  2:21  Command Center  
  23  2:29  Hellion  
  25  2:30  SCV  
  27  2:37  Reaper x2  
  27  2:40  Supply Depot  
  27  2:42  SCV  
  29  2:51  Hellion  
  31  3:00  Starport, SCV  
  31  3:10  Marine x2  
  31  3:12  SCV  
  34  3:14  Factory Tech Lab  
  34  3:24  SCV  
  35  3:28  Marine x2  
  35  3:33  Refinery  
  37  3:36  SCV  
  38  3:42  Medivac, Siege Tank  
  38  3:46  Orbital Command  
  43  3:49  SCV  
  43  3:55  Marine x2  
  46  4:01  Supply Depot, SCV  
  47  4:12  SCV  
  47  4:14  Cyclone  
  47  4:16  Starport Tech Lab  
  51  4:17  SCV  
  51  4:21  Marine  
  51  4:24  SCV  
  54  4:28  Supply Depot  
  54  4:29  SCV  
  55  4:36  SCV, Raven  
  58  4:41  SCV  
  59  4:48  SCV  
  53  4:53  SCV  
  53  4:55  Siege Tank  
  56  5:00  SCV, Command Center  
  56  5:05  SCV  
  56  5:06  Refinery  
  58  5:09  Supply Depot  
  58  5:12  SCV  
  57  5:18  SCV  
  57  5:19  Supply Depot, Raven  
  60  5:24  SCV  
  60  5:27  Siege Tank  
  64  5:29  Marine x2  
  64  5:30  SCV  
  67  5:36  SCV  
  67  5:42  SCV  
  69  5:48  SCV  
  70  5:54  SCV  
  71  5:59  Siege Tank  
  71  6:00  SCV  
  75  6:05  Barracks  
  75  6:06  SCV, Barracks  
  76  6:13  SCV  
  76  6:14  Engineering Bay x2  
  76  6:17  Viking x2  
  76  6:18  SCV, Stimpack, Marine  
  82  6:25  SCV  
  84  6:27  Supply Depot  
  84  6:30  SCV  
  85  6:37  SCV  
  86  6:40  Siege Tank, Orbital Command  
  86  6:42  SCV  
  90  6:49  SCV  
  91  6:54  SCV  
  91  6:57  Viking x2  
  91  6:58  Terran Infantry Weapons Level 1, Terran Infantry Armor Level 1  
  91  7:00  Barracks Reactor  
  91  7:01  Barracks Reactor, SCV  
  97  7:06  SCV  
  97  7:07  SCV  
  99  7:13  SCV  
  99  7:14  Siege Tank  
  103  7:17  Supply Depot  
  103  7:18  Supply Depot  
  103  7:19  SCV, Refinery  
  103  7:22  Refinery  
  102  7:27  Viking x2  
  106  7:31  Sensor Tower  
  106  7:32  Marine  
  106  7:35  Supply Depot, SCV x2  
  109  7:39  SCV  
  109  7:41  Marine x3  
  109  7:42  Marine  
  114  7:50  Marine  
  115  7:55  SCV  
  115  7:56  Siege Tank  
  115  7:57  Viking x2  
  119  7:58  SCV  
  119  8:08  Marine  
  119  8:10  Marine x2  
  118  8:13  SCV  
  118  8:16  SCV x2  
  112  8:22  Marine x2  
  112  8:24  Combat Shield  
  112  8:26  SCV, Marine  
  114  8:27  Viking x2  
  114  8:28  SCV, Marine x2  
  114  8:31  Siege Tank  
  121  8:34  SCV  
  121  8:38  SCV  
  121  8:40  Marine x2  
  125  8:43  Marine  
  125  8:45  SCV  
  125  8:47  Armory, Marine  
  122  8:49  Marine, Barracks  
  122  8:51  Barracks  
  122  8:52  SCV  
  120  8:57  Medivac, Viking  
  120  8:58  Marine  
  120  9:02  Supply Depot  
  125  9:03  Marine  
  125  9:11  Marine x2  
  125  9:13  Siege Tank  
  125  9:19  Command Center  
  125  9:20  Supply Depot  
  125  9:23  SCV x2, Marine x3  
  130  9:29  Viking, Marine  
  133  9:40  Terran Infantry Weapons Level 2, Terran Infantry Armor Level 2  
  133  9:41  Supply Depot, Viking, Marine  
  133  9:42  SCV x3, Marine  
  133  9:43  Barracks Reactor x2  
  140  9:51  Siege Tank  
  140  9:55  Terran Vehicle Weapons Level 1  
  140  9:56  Supply Depot  
  140  9:59  Marine  
  140  10:00  Sensor Tower  
  140  10:02  Supply Depot  
  140  10:03  Marine x2  
  140  10:06  SCV  
  144  10:10  Medivac  
  144  10:11  Medivac  
  148  10:17  SCV  
  148  10:24  SCV  
  147  10:30  Factory, Marine x2  
  147  10:34  Barracks Reactor  
  138  10:40  SCV x2  
  138  10:41  SCV  
  133  10:44  Marine x4  
  133  10:45  Marine x2  
  133  10:47  Siege Tank  
  133  10:48  Marine x2  
  144  10:52  SCV x2  
  144  10:53  SCV, Refinery  
  147  10:57  Medivac x2  
  147  11:01  Marine x2  
  153  11:04  SCV  
  153  11:11  Marine x2  
  154  11:16  Missile Turret  
  156  11:18  Sensor Tower  
  156  11:19  Supply Depot  
  156  11:20  SCV  
  156  11:24  Marine x4  
  156  11:25  Siege Tank, Marine  
  162  11:27  Planetary Fortress  
  165  11:33  SCV  
  165  11:36  Marine  
  165  11:37  Missile Turret, Marine x3  
  165  11:38  Starport x2  
  170  11:41  Viking  
  170  11:45  Refinery x2, Viking  
  174  11:49  Supply Depot  
  174  11:57  Marine x2  
  176  12:07  Marine x3  
  176  12:08  Marine x2  
  184  12:11  Viking  
  186  12:21  Marine x2  
  186  12:22  Marine x3  
  187  12:23  Starport Tech Lab x2  
  187  12:26  Starport, Armory  
  187  12:31  Terran Vehicle Weapons Level 2  
  187  12:32  Command Center  
  187  12:33  Command Center  
  184  12:37  Terran Infantry Weapons Level 3  
  184  12:39  Terran Infantry Armor Level 3  
  180  12:47  Marine x5  
  180  12:49  Siege Tank x2  
  191  13:05  Corvid Reactor, Raven  
  191  13:08  Starport Tech Lab  
  193  13:14  Command Center  
  193  13:17  Command Center  
  193  13:25  Raven  
  194  13:27  Terran Vehicle And Ship Armor Level 1  
  194  13:28  Supply Depot  
  194  13:29  Command Center  
  194  13:41  Raven  
  196  13:48  Raven  
  196  13:54  Marine  
  196  13:55  Marine x2  
  190  13:59  Siege Tank x2, Marine x2  
  190  14:00  Sensor Tower  
  192  14:03  Viking x2, Orbital Command  
  195  14:11  Command Center  
  195  14:18  Refinery  
  195  14:21  Refinery  
  195  14:24  Missile Turret  
  195  14:25  Raven, Viking  
  195  14:27  Starport  
  195  14:29  Command Center x2, Marine  
  200  14:33  Planetary Fortress  
  200  14:35  Sensor Tower, Orbital Command  
  196  14:50  Viking x2  
  191  14:56  Viking x2, Marine x2  
  191  15:01  Marine x3  
  191  15:02  Marine x2  
  196  15:11  Siege Tank  
  190  15:27  Raven x2, Viking  
  180  15:29  Marine x3  
  180  15:30  Siege Tank  
  174  15:41  Raven  
  174  15:42  Sensor Tower  
  176  15:45  Missile Turret x2  
  176  15:47  Missile Turret x2, Terran Vehicle And Ship Armor Level 2  
  176  15:48  Terran Vehicle Weapons Level 3  
  176  15:51  Siege Tank, Marine  
  176  15:52  SCV x5  
  185  15:59  Starport  
  186  16:04  SCV  
  186  16:06  Orbital Command x2  
  186  16:10  Raven x2  
  190  16:14  Planetary Fortress  
  190  16:18  Missile Turret  
  190  16:20  Missile Turret  
  190  16:30  Raven  
  192  16:33  Sensor Tower  
  192  16:45  Missile Turret  
  192  16:48  Starport Reactor  
  192  16:52  Hi-Sec Auto Tracking, Neosteel Armor  
  192  16:53  Sensor Tower, Raven  
  194  16:55  Marine x2  
  176  17:12  Raven  
  176  17:13  Raven, Marine x2  
  175  17:17  Marine  
  175  17:18  Marine  
  175  17:20  SCV  
  175  17:21  SCV x3  
  175  17:22  Refinery  
  173  17:28  Marine x6  
  172  17:32  Viking x2  
  172  17:34  Sensor Tower  
  172  17:35  Missile Turret, SCV x2, Raven  
  172  17:36  Refinery  
  178  17:37  Refinery  
  178  17:41  Missile Turret  
  178  17:44  Marine x2  
  177  17:55  Raven  
  177  17:56  Command Center  
  179  18:00  Siege Tank x2  
  179  18:02  Marine x7  
  187  18:28  Command Center  
  186  18:38  Raven x2  
  186  18:39  Raven  
  189  18:48  Siege Tank  
  189  18:49  Siege Tank  
  189  18:53  Terran Ship Weapons Level 1, Terran Vehicle And Ship Armor Level 3  
  189  18:54  Marine x3  
  189  18:55  Marine x2  
  166  19:28  Raven x3, Marine  
  166  19:29  Siege Tank x2, Marine x7  
  180  19:36  Marine x2  
  182  19:42  Orbital Command  
  182  19:48  Command Center  
  182  19:57  Marine x2  
  182  20:01  Siege Tank  
  182  20:02  Siege Tank  
  178  20:12  Viking x2  
  178  20:13  Marine  
  177  20:23  Marine  
  178  20:32  Viking x3  
  178  20:34  Siege Tank x2  
  185  20:42  Marine x4  
  189  20:49  Raven  
  191  20:52  Missile Turret, Planetary Fortress  
  191  20:53  Missile Turret  
  191  20:57  Missile Turret  
  191  21:02  Planetary Fortress  
  191  21:06  Siege Tank x2  
  194  21:34  Marine  
Show
View Real Time Build Order
Export as new Build Order

HeroMarine Terran 

Build Orders: Cyclone Opening 

Get SALT Encoding   

  12  0:00  SCV  
  13  0:12  SCV  
  14  0:17  Supply Depot  
  14  0:24  SCV  
  15  0:39  SCV  
  15  0:40  Barracks  
  16  0:43  Refinery  
  16  0:51  SCV  
  16  0:52  Refinery  
  17  1:03  SCV  
  18  1:15  SCV  
  19  1:27  Reaper, Orbital Command  
  19  1:30  Supply Depot  
  20  1:40  Factory  
  20  1:53  SCV  
  21  1:59  Reaper  
  22  2:05  SCV  
  23  2:16  Command Center  
  23  2:18  SCV  
  24  2:24  Hellion  
  26  2:30  SCV  
  26  2:31  Barracks Tech Lab  
  26  2:34  Supply Depot  
  27  2:42  SCV  
  28  2:54  SCV  
  28  2:55  Barracks Reactor  
  28  2:56  Cyclone  
  32  3:04  Starport  
  32  3:06  SCV  
  33  3:15  Refinery  
  33  3:18  SCV  
  34  3:28  Siege Tank, Orbital Command  
  34  3:30  SCV  
  34  3:31  Marine  
  34  3:32  Marine  
  40  3:40  Starport Tech Lab  
  40  3:43  SCV  
  41  3:49  Marine x2  
  41  3:53  SCV  
  41  3:55  Supply Depot, SCV  
  48  4:05  SCV, Raven  
  48  4:07  SCV  
  48  4:08  Marine x2  
  51  4:14  Siege Tank  
  54  4:18  SCV  
  54  4:19  SCV  
  54  4:20  Supply Depot  
  56  4:26  Marine x2  
  56  4:30  SCV  
  56  4:31  SCV  
  60  4:42  SCV  
  60  4:43  SCV, Marine  
  60  4:44  Marine  
  64  4:48  Raven  
  59  4:54  SCV, Siege Tank  
  59  4:55  SCV  
  59  4:57  Command Center  
  64  5:03  Marine  
  64  5:04  Supply Depot, Marine  
  64  5:06  SCV  
  67  5:07  SCV  
  67  5:11  Refinery  
  68  5:18  SCV  
  68  5:19  SCV  
  70  5:26  Siege Tank, Barracks  
  70  5:27  Barracks  
  73  5:30  SCV  
  73  5:31  SCV  
  75  5:40  Stimpack  
  75  5:41  Viking  
  75  5:42  SCV  
  78  5:49  Supply Depot  
  78  5:56  Engineering Bay  
  78  5:57  Engineering Bay  
  78  5:58  Supply Depot  
  78  6:00  Viking  
  78  6:08  Marine  
  78  6:09  SCV x2, Siege Tank, Orbital Command  
  84  6:13  Viking  
  84  6:15  Barracks Reactor x2  
  86  6:21  SCV x2  
  86  6:23  Barracks Reactor  
  88  6:28  Marine  
  88  6:30  Viking  
  91  6:33  SCV x2  
  91  6:38  Orbital Command  
  92  6:40  Missile Turret  
  92  6:41  Siege Tank  
  92  6:44  Viking  
  92  6:45  SCV x2  
  92  6:46  Marine  
  98  6:56  Marine  
  98  6:57  SCV x2  
  98  7:00  Viking  
  98  7:01  Marine x2  
  104  7:04  Marine x2  
  104  7:09  SCV x3  
  104  7:14  Viking, Marine  
  104  7:15  Terran Infantry Weapons Level 1  
  108  7:18  Marine  
  109  7:28  SCV x2, Combat Shield, Marine x3  
  114  7:30  Viking  
  114  7:32  Supply Depot, Marine  
  114  7:33  Supply Depot  
  114  7:35  Supply Depot  
  116  7:39  SCV  
  116  7:40  Supply Depot  
  117  7:53  Marine x3  
  117  7:54  SCV x2, Siege Tank, Marine x2  
  117  7:56  Liberator  
  128  8:02  SCV  
  129  8:06  SCV  
  129  8:08  Medivac  
  129  8:11  Marine x3  
  129  8:12  Marine x2  
  129  8:23  SCV x2  
  129  8:24  Refinery  
  129  8:25  SCV, Refinery  
  129  8:26  Siege Tank  
  135  8:29  Marine x4  
  135  8:30  Marine  
  140  8:38  Medivac  
  140  8:39  Medivac  
  141  8:47  Marine x5  
  141  8:48  SCV x3  
  137  8:57  Barracks  
  137  8:58  Siege Tank  
  137  8:59  Armory  
  137  9:00  SCV  
  137  9:01  Barracks  
  141  9:04  Marine x3  
  141  9:05  Marine x2  
  140  9:10  SCV x2  
  140  9:12  SCV  
  140  9:13  Medivac x2  
  133  9:22  SCV, Marine x3  
  133  9:23  Marine x2  
  139  9:32  Command Center  
  139  9:36  Siege Tank  
  142  9:40  Marine x3  
  142  9:41  Marine x2  
  142  9:43  Medivac  
  149  9:51  Medivac  
  148  9:56  Barracks Reactor x2  
  148  9:58  Marine x3  
  148  10:02  Marine  
  148  10:06  Terran Infantry Weapons Level 2  
  149  10:07  Terran Infantry Armor Level 1  
  149  10:10  Supply Depot x2  
  149  10:12  Supply Depot  
  149  10:13  Supply Depot  
  149  10:15  Factory  
  149  10:20  Marine x2  
  149  10:22  Medivac, Marine  
  149  10:23  Siege Tank  
  149  10:27  Medivac, Marine  
  149  10:30  Marine  
  149  10:33  Marine x2  
  149  10:34  Marine x2  
  144  10:38  Marine x2  
  144  10:40  Marine  
  128  10:44  Marine  
  128  10:48  Marine  
  129  10:50  Marine x2  
  129  10:52  Starport, Viking, Marine x2  
  129  10:56  Terran Vehicle Weapons Level 1, Marine  
  137  10:57  Sensor Tower, Viking  
  137  10:58  Marine  
  137  11:02  Marine  
  137  11:03  SCV x2  
  137  11:04  SCV  
  144  11:06  Refinery, Marine  
  144  11:08  Refinery, Marine  
  144  11:10  Planetary Fortress  
  147  11:11  Siege Tank  
  147  11:15  SCV x2  
  147  11:16  SCV  
  147  11:18  Barracks Reactor, Marine x2  
  153  11:21  Siege Tank  
  156  11:28  Barracks Reactor  
  156  11:30  Starport, Marine x2  
  156  11:31  Viking x2  
  162  11:40  Command Center  
  162  11:41  Viking  
  162  11:42  Viking  
  162  11:46  Marine x4  
  170  11:49  Sensor Tower, Marine  
  170  11:50  Marine  
  171  11:54  Fusion Core  
  171  12:01  Refinery  
  171  12:02  Terran Infantry Armor Level 2  
  171  12:06  Viking x2  
  172  12:16  Marine x4  
  172  12:19  Marine x3  
  172  12:20  Marine  
  172  12:21  Marine x2  
  172  12:22  Refinery, Viking  
  182  12:25  Viking  
  182  12:27  Starport Reactor  
  184  12:30  Siege Tank  
  184  12:34  Marine x2  
  184  12:35  Terran Infantry Weapons Level 3  
  189  12:39  Viking  
  191  12:44  Command Center  
  191  12:49  Advanced Ballistics  
  191  12:52  Armory  
  191  12:56  Terran Ship Weapons Level 1  
  190  13:09  Refinery  
  190  13:11  Liberator x2  
  196  13:23  Planetary Fortress  
  196  13:24  Refinery  
  196  13:31  Command Center  
  195  13:38  Liberator, SCV x2  
  200  13:41  Sensor Tower  
  200  13:45  Terran Vehicle And Ship Armor Level 1  
  196  13:56  Command Center  
  196  13:58  Command Center  
  196  14:01  Liberator  
  199  14:07  Orbital Command  
  199  14:19  Sensor Tower  
  199  14:29  Terran Infantry Armor Level 3  
  199  14:30  Viking  
  190  14:55  Siege Tank x2  
  190  14:56  Viking x2  
  190  14:59  Marine x2  
  192  15:15  Marine x2  
  192  15:17  Marine x3  
  192  15:20  Liberator x2, Viking  
  192  15:21  Viking  
  195  15:22  Marine x2  
  195  15:27  Siege Tank x2  
  189  15:29  Orbital Command  
  189  15:35  Orbital Command  
  178  15:47  Terran Ship Weapons Level 2  
  178  15:50  Terran Vehicle And Ship Armor Level 2  
  178  15:59  Siege Tank x2  
  178  16:00  Viking x2  
  188  16:05  Factory  
  188  16:09  Medivac  
  188  16:10  Medivac  
  194  16:18  Viking  
  194  16:20  Viking  
  196  16:30  Viking  
  198  16:32  Orbital Command  
  198  16:52  Refinery, Sensor Tower  
  194  16:55  Refinery  
  194  17:07  Medivac x2  
  185  17:10  Siege Tank  
  185  17:11  Marine x2  
  185  17:14  Marine  
  185  17:15  Marine x2  
  160  17:17  Marine x2  
  160  17:22  Siege Tank, Viking x2  
  161  17:24  Viking x2, Marine  
  161  17:25  Starport, Marine x2  
  161  17:27  Starport  
  161  17:29  Marine x2  
  170  17:31  Factory Tech Lab, Orbital Command  
  170  17:32  Marine  
  170  17:33  Marine x2  
  170  17:35  Marine x2  
  170  17:42  Siege Tank, Marine x2  
  170  17:43  Marine  
  176  17:44  Viking  
  176  17:46  Marine  
  176  17:47  Marine  
  176  17:51  Siege Tank  
  183  17:52  Marine  
  183  17:53  Liberator, Viking x2  
  183  17:54  Siege Tank  
  194  17:59  Marine x2  
  194  18:02  Starport Tech Lab  
  194  18:03  Marine x3  
  194  18:04  Marine  
  200  18:07  Starport Tech Lab  
  200  18:26  Terran Ship Weapons Level 3, Terran Vehicle And Ship Armor Level 3  
  200  18:28  Refinery  
  200  18:37  Liberator  
  200  18:40  Corvid Reactor  
  200  18:43  Command Center x2  
  197  19:07  Hi-Sec Auto Tracking, Neosteel Armor  
  197  19:22  Siege Tank  
  197  19:23  Marine x2  
  159  19:24  Marine  
  159  19:25  Marine x4  
  159  19:26  Marine x2  
  159  19:27  Marine  
  159  19:31  Liberator x2, Viking x4  
  142  19:32  Siege Tank, Raven x2  
  142  19:33  Siege Tank  
  156  19:40  Marine  
  156  19:41  Marine  
  156  19:42  Marine x2  
  156  19:43  Marine x3  
  156  19:44  Marine x3  
  163  19:54  Siege Tank  
  163  19:58  Marine x2  
  162  20:00  Marine x4  
  162  20:01  Liberator, Marine  
  162  20:02  Marine x3  
  162  20:05  Siege Tank  
  171  20:09  Liberator  
  171  20:14  Raven  
  171  20:15  Raven  
  171  20:16  Siege Tank  
  174  20:25  SCV  
  174  20:26  SCV, Siege Tank  
  179  20:31  Refinery  
  179  20:35  Marine  
  176  20:37  Marine x2  
  176  20:40  Marine x2  
  178  20:42  Marine  
  178  20:43  Marine  
  178  20:48  Viking  
  178  20:49  Viking, Orbital Command  
  178  20:52  SCV x2, Orbital Command  
  178  20:55  SCV x2  
  182  20:57  Raven x2  
  182  21:00  Orbital Command  
  182  21:03  Siege Tank  
  181  21:17  SCV x3  
  180  21:20  SCV x2  
  180  21:21  Siege Tank x2  
  180  21:22  Marine  
  180  21:23  Marine  
  180  21:24  Marine  
  185  21:29  Marine x2  
  185  21:30  Marine  
  185  21:32  Marine  

Tags
 
Add a new tag
Caveats
  • Supply blocks, unpowered buildings, or Contaminate may cause inaccurate times.
  • Supply counts are checked every 10 seconds.